 Dungeon Crawl Stone Soup version 0.29.1-2-gbd0b4ee654 (webtiles) character file.

Game seed: 6705004514150529923

117157 kingsuperguy the Bludgeoner (level 16, -10/167 HPs)
             Began as a Minotaur Berserker on Nov 18, 2022.
             Was a High Priest of Trog.
             Mangled by a wolf spider (22 damage)
             ... on level 5 of the Lair of Beasts.
             The game lasted 01:46:02 (38958 turns).

kingsuperguy the Bludgeoner (Minotaur Berserker)   Turns: 38958, Time: 01:46:09

Health: -10/167    AC: 20    Str: 28    XL:     16   Next: 22%
Magic:  15/15      EV: 19    Int:  2    God:    Trog [*****.]
Gold:   2036       SH: 21    Dex: 16    Spells: 15/15 levels left

rFire   . . .      SeeInvis .   D - +6 eveningstar (flame)
rCold   . . .      Faith    .   k - +1 kite shield "Luol" {Will+++ rCorr Dex-5 Stlth+}
rNeg    . . .      Spirit   .   x - +6 scale mail {rPois}
rPois   +          Reflect  +   (helmet restricted)
rElec   +          Harm     .   h - +1 cloak
rCorr   +          Rampage  .   i - +0 pair of gloves
Will    ++++.                   (no boots)
Stlth   ++........              a - amulet "Veapyqi" {Reflect rElec Dex+3 SH+5}
HPRegen 0.37/turn               L - +6 ring of dexterity
MPRegen 0.14/turn               r - +4 ring of evasion

@: on berserk cooldown, slowed, studying Shields, very slow
A: horns 2, retaliatory headbutt, dopey 1, robust 1, electricity resistance
a: Renounce Religion, Berserk, Trog's Hand, Brothers in Arms


You were on level 5 of the Lair of Beasts.
You worshipped Trog.
Trog was extremely pleased with you.
You visited 3 branches of the dungeon, and saw 22 of its levels.

You collected 2589 gold pieces.
You spent 553 gold pieces at shops.

Inventory:

Hand Weapons
 o - the +8 flail "Myic" {vorpal, *Rage rF+ Str+2 Dex+6}
   (Trog gifted it to you on level 14 of the Dungeon)

   It inflicts extra damage upon your enemies.
   Str:       It affects your strength (+2).
   Dex:       It affects your dexterity (+6).
   rF:        It protects you from fire.
   *Rage:     It berserks you when you make melee attacks (+20% chance).
 w - a +6 vorpal flail
 D - a +6 eveningstar of flaming (weapon)
 F - a +2 flail of holy wrath
Missiles
 m - 9 silver boomerangs
 C - 27 poisoned darts (quivered)
 V - 6 silver javelins
Armour
 h - a +1 cloak (worn)
 i - a +0 pair of gloves (worn)
 k - the +1 kite shield "Luol" (worn) {Will+++ rCorr Dex-5 Stlth+}
   (You acquired it on level 1 of the Spider Nest)

   Dex:       It affects your dexterity (-5).
   rCorr:     It protects you from acid and corrosion.
   Will:      It greatly increases your willpower.
   Stlth:     It makes you more stealthy.
 x - a +6 scale mail of poison resistance (worn)
 J - the +3 scale mail "Yveoffuf" {rElec Regen+ MP+9}
   (You found it on level 14 of the Dungeon)

   rElec:     It insulates you from electricity.
   MP:        It affects your magic capacity (+9).
   Regen:     It increases your rate of health regeneration.
Jewellery
 a - the amulet "Veapyqi" (around neck) {Reflect rElec Dex+3 SH+5}
   (You bought it in a shop on level 5 of the Dungeon)

   [amulet of reflection]

   It reflects blocked missile attacks.
   Dex:       It affects your dexterity (+3).
   rElec:     It insulates you from electricity.
   SH:        It affects your SH (+5).
 b - the amulet of Zedahol {RegenMP Will- Slay+4}
   (You found it on level 5 of the Lair of Beasts)

   [amulet of magic regeneration]

   It increases your rate of magic regeneration.
   Slay:      It affects your accuracy & damage with ranged weapons and melee
   (+4).
   Will:      It decreases your willpower.
 q - a +6 ring of intelligence
 r - a +4 ring of evasion (right hand)
 y - a ring of see invisible
 G - a ring of fire
 L - a +6 ring of dexterity (left hand)
 W - a ring of flight
Wands
 j - a wand of flame (15)
 H - a wand of mindburst (17)
 I - a wand of roots (25)
 K - a wand of charming (5)
 N - a wand of digging (5)
Scrolls
 c - 16 scrolls of teleportation
 e - 3 scrolls of silence
 g - 6 scrolls of magic mapping
 l - 6 scrolls of butterflies
 n - 4 scrolls of fear
 v - 9 scrolls of poison
 E - 3 scrolls of enchant armour
 M - 2 scrolls of brand weapon
 O - a scroll of blinking
 S - 4 scrolls of summoning
Potions
 f - 3 potions of cancellation
 p - 3 potions of degeneration {unknown}
 s - 9 potions of ambrosia
 t - 12 potions of curing
 z - 2 potions of brilliance
 A - 5 potions of heal wounds
 B - 3 potions of mutation
 P - a potion of lignification {unknown}
 Q - a potion of resistance {unknown}
 R - 2 potions of invisibility {unknown}
 U - 5 potions of might
 X - 2 potions of magic {unknown}
 Y - 3 potions of haste
 Z - 2 potions of berserk rage {unknown}
Miscellaneous
 d - a phial of floods
 u - a condenser vane
 T - a tin of tremorstones (2/2)


   Skills:
 * Level 16.5 Fighting
 + Level 18.1 Maces & Flails
 + Level 1.5 Throwing
 * Level 15.8 Armour
 + Level 9.9 Dodging
 + Level 4.0 Stealth
 * Level 17.4 Shields
 * Level 0.2 Evocations


You had 15 spell levels left.
You didn't know any spells.
Your spell library was empty.

Dungeon Overview and Level Annotations

Branches:
Dungeon (15/15)            Temple (0/1) D:7            Lair (5/5) D:10
 Shoals (0/4) Lair:3       Spider (2/4) Lair:2        Slime (0/5) Lair:4
    Orc (0/2) D:11         Vaults (0/5) D:14         Depths (0/4) D:15

Altars:
Dithmenos
Elyvilon
Fedhas
Gozag
Kikubaaqudgha
Nemelex Xobeh
Ru
Trog
Vehumet
Xom
Jiyva

Shops:
D:1 (*=   D:5 (((=   D:14 (

Portals:
Trove: D:12 (show slimy rune of Zot)

Annotations:
D:6 exclusion: statue
D:12 1 runed translucent door, exclusion: orange crystal statue
Spider:1 Roxanne


Innate Abilities, Weirdness & Mutations

You have a pair of horns on your head.
You reflexively headbutt those who attack you in melee.
You are dopey. (Int -2)
You are robust. (+10% HP)
You are resistant to electric shocks. (rElec)


Message History

The wolf spider completely misses you. The moth of wrath closely misses you.
You furiously retaliate!
You headbutt the moth of wrath.
The moth of wrath attacks as you move away!
The moth of wrath bites you but does no damage.
You block the wolf spider's attack.
The wolf spider bites you but does no damage.
You block the fire crab's attack. The fire crab closely misses you.
The cane toad rages.
You block the wolf spider's attack.
The wolf spider bites you but does no damage.
You block the moth of wrath's attack. The fire crab misses you.
You furiously retaliate!
You headbutt the fire crab. You block the fire crab's attack.
The wolf spider hits you!
* * * LOW HITPOINT WARNING * * *
The wolf spider bites you.
* * * LOW HITPOINT WARNING * * *
There is a transporter, spattered with blood here.
You enter the transporter and appear at another place.
The wolf spider completely misses you.
The wolf spider bites you but does no damage.
You block the fire crab's attack. The fire crab closely misses you.
You block the moth of wrath's attack. You block the wolf spider's attack.
The wolf spider bites you.
* * * LOW HITPOINT WARNING * * *
The fire crab completely misses you. The fire crab closely misses you.
The moth of wrath misses you.
You hear a bleat!
You block the wolf spider's attack. The wolf spider bites you!
* * * LOW HITPOINT WARNING * * *
Blink to where?
Press: ? - help, Dir - move target
Okay, then.
As you read the scroll of fear, it crumbles to dust.
You assume a fearsome visage.
The fire crab is unaffected.
The moth of wrath looks frightened!
The wolf spider is unaffected.
The cane toad is unaffected.
You block the wolf spider's attack. The wolf spider bites you!
* * * LOW HITPOINT WARNING * * *
You block the fire crab's attack. x2; The wolf spider hits you!!
You die...

............P###.###.©.###..##...
.......P....###..#.y.....##.###..
..P.....#...###..#..Y#t#..#......
.............##..#$..#.#..#....##
.........#####..##.#.....##....#
........## ##.#.#...#.!#...####
........### ##..#...#©."[#©..##.#
.......##.###..t##.....#$#.....#.
.......##..##.Fy@#.#...#=##......
....#.....##...s##..##.#..#......
.........#.#....#...#...#.#......
................##....#..##.....#
.................##......#......#
#.................#####.##.......
......................###........
.......♣...♣..................###
......♣PP...♣.................###


You could see a wolf spider (berserk), a fire crab (berserk), a moth of wrath
(fleeing) and a cane toad (berserk).

Vanquished Creatures
  Frances (Spider:2)
  2 sphinxes (D:14)
  A tengu reaver (D:14)
  Aizul (Spider:2)
  An ironbound preserver (D:14)
  2 broodmothers (Spider:1)
  The ghost of soonk12 the Severer, a journeyman MiBe of Trog (Lair:5)
  A dire elephant (Lair:5)
  An entropy weaver (Spider:1)
  2 spark wasps (Spider:1)
  A fire dragon (Lair:4)
  Josephine (Lair:3)
  An ice dragon (D:14)
  2 boulder beetles (D:14)
  Harold (D:11)
  A rakshasa (D:15)
  A catoblepas (shapeshifter) (D:14)
  2 ogre magi
  Erolcha (D:11)
  A radroach (Spider:1)
  3 catoblepae (Lair:5)
  11 hydras
  2 death knights (D:14)
  3 centaur warriors (D:14)
  A jorogumo (Spider:1)
  6 two-headed ogres
  4 death yaks (Lair:5)
  A deep troll shaman (Lair:5)
  A deep troll earth mage (D:14)
  Amaemon (Lair:3)
  Lodul (D:11)
  An orb spider (Spider:1)
  A sun moth (Spider:1)
  7 skeletal warriors
  4 pharaoh ants
  A deep troll (shapeshifter) (D:14)
  3 steelbarb worms (Spider:1)
  Pikel (D:7)
  A necromancer (D:15)
  2 wizards
  8 wolf spiders (Spider:1)
  An orc sorcerer (D:15)
  9 cyclopes
  3 manticores
  7 deep elf pyromancers
  21 ugly things
  16 slime creatures
  A centaur zombie (D:15)
  9 elephants (Lair:5)
  2 moths of wrath (Spider:1)
  2 naga magi (D:15)
  3 black mambas
  A torpor snail (Spider:1)
  Maggie (D:7)
  2 centaur skeletons (D:15)
  An orange demon (Lair:3)
  10 cane toads
  2 gargoyles
  3 yaktaurs (D:15)
  Psyche (D:11)
  A kobold demonologist (D:14)
  5 demonic crawlers
  2 efreet (D:14)
  2 freezing wraiths (D:14)
  An unseen horror (D:10)
  A queen bee (D:13)
  3 komodo dragons
  3 meliai (D:13)
  A polar bear (Lair:1)
  A blink frog (shapeshifter) (D:14)
  A hornet (D:7)
  14 tarantellas
  14 blink frogs
  2 centaur simulacra (D:14)
  8 jumping spiders
  A spriggan (shapeshifter) (D:14)
  A shadow (D:13)
  10 culicivoras (Spider:1)
  4 basilisks
  51 yaks
  5 wyverns
  9 wraiths
  16 redbacks
  2 vampire mosquitoes (D:14)
  2 steam dragons (D:9)
  Edmund (D:4)
  11 water moccasins
  Duvessa (D:5)
  A meliai simulacrum (D:14)
  6 orc warriors
  2 black bears
  9 ogres
  7 centaurs
  4 wolves (Lair:5)
  2 phantoms
  A gnoll sergeant (D:11)
  A kobold brigand (D:10)
  9 bullfrogs
  A necrophage (D:5)
  A scorpion (D:5)
  Dowan (D:5)
  13 wights
  A killer bee (shapeshifter) (D:15)
  26 killer bees
  2 howler monkeys
  An electric eel (Lair:4)
  5 hounds
  13 jellies
  4 orc priests
  13 orc wizards
  4 iguanas
  11 adders
  12 gnolls
  3 white imps
  2 ufetubi
  2 dart slugs
  34 orcs
  10 endoplasms
  4 giant cockroaches
  10 goblins
  5 hobgoblins
  4 quokkas
  11 ball pythons
  7 bats
  5 frilled lizards
  11 kobolds
  9 rats
  2 butterflies (Lair:5)
625 creatures vanquished.

Vanquished Creatures (collateral kills)
  A redback (Spider:1)
1 creature vanquished.

Vanquished Creatures (others)
  An orc wizard (D:10)
  A bush (Lair:5)
  23 fungi
  52 plants
77 creatures vanquished.

Grand Total: 703 creatures vanquished

Notes
Turn   | Place    | Note
-------+----------+-------------------------------------------
     0 | D:1      | kingsuperguy the Minotaur Berserker began the quest for the
                  | Orb.
     0 | D:1      | Reached XP level 1. HP: 19/19 MP: 0/0
   179 | D:1      | Found Coneor's Jewellery Boutique.
   339 | D:1      | Reached XP level 2. HP: 26/27 MP: 1/1
   340 | D:1      | Reached skill level 4 in Maces & Flails
   568 | D:1      | Found Xocomomu's Assorted Antiques.
   933 | D:1      | Found Zaleneub's Weapon Shoppe.
  1197 | D:1      | Reached ** piety under Trog
  1275 | D:1      | Reached XP level 3. HP: 33/33 MP: 2/2
  2006 | D:2      | Reached XP level 4. HP: 41/41 MP: 3/3
  2321 | D:2      | HP: 3/61 [gnoll/+0 halberd (13)]
  2322 | D:2      | Reached skill level 5 in Maces & Flails
  2793 | D:2      | Found a faded altar of an unknown god.
  3715 | D:3      | Reached XP level 5. HP: 47/47 MP: 4/4
  3996 | D:4      | Noticed Edmund
  4015 | D:4      | Killed Edmund
  4016 | D:4      | Reached skill level 5 in Fighting
  4016 | D:4      | Reached skill level 1 in Stealth
  4016 | D:4      | Reached XP level 6. HP: 21/56 MP: 5/5
  4020 | D:4      | Reached *** piety under Trog
  4021 | D:4      | Reached skill level 6 in Maces & Flails
  4940 | D:5      | Entered Level 5 of the Dungeon
  4976 | D:5      | Found Keukes's Jewellery Shoppe.
  4977 | D:5      | Found Qoakob's Weapon Boutique.
  4977 | D:5      | Found Juepseiz's Weapon Shop.
  4977 | D:5      | Found Omesmene's Antique Weapon Boutique.
  5149 | D:5      | Reached skill level 7 in Maces & Flails
  5149 | D:5      | Reached XP level 7. HP: 44/61 MP: 6/6
  5407 | D:5      | Found a white marble altar of Elyvilon.
  5647 | D:5      | Reached skill level 8 in Maces & Flails
  5660 | D:5      | Noticed a wyvern
  5663 | D:5      | Killed a wyvern
  6163 | D:5      | Noticed Dowan
  6164 | D:5      | Noticed Duvessa
  6169 | D:5      | Killed Dowan
  6170 | D:5      | Reached XP level 8. HP: 70/70 MP: 7/7
  6179 | D:5      | Killed Duvessa
  6180 | D:5      | Reached skill level 9 in Maces & Flails
  6826 | D:6      | Reached skill level 5 in Armour
  6828 | D:6      | Reached skill level 10 in Maces & Flails
  7085 | D:6      | Reached skill level 11 in Maces & Flails
  7380 | D:6      | Found a radiant altar of Vehumet.
  7607 | D:7      | Reached XP level 9. HP: 65/78 MP: 8/8
  7931 | D:7      | Noticed Maggie
  7940 | D:7      | Killed Maggie
  7941 | D:7      | Reached skill level 12 in Maces & Flails
  8072 | D:7      | Found a staircase to the Ecumenical Temple.
  8226 | D:7      | Reached **** piety under Trog
  8294 | D:7      | Noticed Pikel
  8301 | D:7      | Killed Pikel
  8919 | D:8      | Reached skill level 13 in Maces & Flails
  9072 | D:8      | Noticed a two-headed ogre
  9076 | D:8      | Killed a two-headed ogre
  9077 | D:8      | Reached skill level 5 in Dodging
  9077 | D:8      | Reached XP level 10. HP: 86/86 MP: 9/9
  9584 | D:8      | Reached skill level 14 in Maces & Flails
  9956 | D:8      | Found a burning altar of Makhleb.
  9959 | D:8      | Found a shadowy altar of Dithmenos.
  9959 | D:8      | Found an ancient bone altar of Kikubaaqudgha.
  9961 | D:8      | Found a shimmering altar of Xom.
  9961 | D:8      | Found a shimmering altar of Xom.
  9961 | D:8      | Found a sparkling altar of Nemelex Xobeh.
 10477 | D:9      | Found an opulent altar of Gozag.
 10480 | D:9      | Found a bloodstained altar of Trog.
 10485 | D:9      | Found a sacrificial altar of Ru.
 10861 | D:9      | You fall into a shaft and drop 1 floor!
 10861 | D:10     | Entered Level 10 of the Dungeon
 11388 | D:9      | Reached XP level 11. HP: 81/97 MP: 10/10
 12153 | D:10     | Reached skill level 15 in Maces & Flails
 12210 | D:10     | Noticed a two-headed ogre
 12216 | D:10     | Killed a two-headed ogre
 12823 | D:10     | Found a staircase to the Lair.
 12936 | D:10     | Noticed a deep elf pyromancer
 12943 | D:10     | Killed a deep elf pyromancer
 13496 | D:5      | Bought the amulet "Veapyqi" {Reflect rElec Dex+3 SH+5} for
                  | 553 gold pieces
 14181 | Lair:1   | Entered Level 1 of the Lair of Beasts
 14530 | Lair:1   | Reached skill level 10 in Armour
 14536 | Lair:1   | Reached skill level 10 in Fighting
 15151 | Lair:2   | Found a hole to the Spider Nest.
 15283 | Lair:2   | Reached skill level 5 in Shields
 16339 | Lair:3   | Found a staircase to the Shoals.
 16425 | Lair:3   | Reached XP level 12. HP: 107/107 MP: 11/11
 16434 | Lair:3   | Noticed Josephine
 16437 | Lair:3   | Reached skill level 16 in Maces & Flails
 16451 | Lair:3   | Killed Josephine
 16858 | Lair:3   | Noticed Amaemon
 16870 | Lair:3   | Killed Amaemon
 17684 | D:11     | Noticed Lodul
 17696 | D:11     | Killed Lodul
 18165 | D:11     | Noticed Erolcha
 18171 | D:11     | Killed Erolcha
 18279 | D:11     | Noticed Harold
 18290 | D:11     | Killed Harold
 18346 | D:11     | Noticed a two-headed ogre
 18354 | D:11     | Killed a two-headed ogre
 18576 | D:11     | Reached ***** piety under Trog
 18752 | D:11     | Found a staircase to the Orcish Mines.
 18830 | D:11     | Noticed a four-headed hydra
 18838 | D:11     | Killed a four-headed hydra
 19101 | D:11     | Noticed Psyche
 19107 | D:11     | Killed Psyche
 19154 | D:11     | Noticed an eight-headed hydra
 19160 | D:11     | Killed an eight-headed hydra
 19498 | D:12     | Found a portal to a secret trove of treasure.
 19987 | D:12     | Found a runed translucent door.
 19994 | D:12     | Identified a scroll of acquirement
 20310 | D:13     | Reached XP level 13. HP: 96/116 MP: 12/12
 21466 | D:14     | Found Fisor's Weapon Shoppe.
 21491 | D:14     | Identified the +8 flail "Myic" {vorpal, *Rage rF+ Str+2
                  | Dex+6} (Trog gifted it to you on level 14 of the Dungeon)
 21491 | D:14     | Received a gift from Trog
 21640 | D:14     | Reached skill level 10 in Shields
 21649 | D:14     | Noticed an ironbound preserver
 21664 | D:14     | Killed an ironbound preserver
 23139 | Spider:1 | Entered Level 1 of the Spider Nest
 23166 | Spider:1 | Identified Roxanne's Almanac of Minerals
 23166 | Spider:1 | Noticed Roxanne
 23187 | Spider:1 | Noticed a broodmother
 23202 | Spider:1 | Killed a broodmother
 23513 | Spider:1 | Acquired the +1 kite shield "Luol" {Will+++ rCorr Dex-5
                  | Stlth+}
 24003 | Spider:1 | Noticed an entropy weaver
 24017 | Spider:1 | Noticed a spark wasp
 24022 | Spider:1 | Reached XP level 14. HP: 18/129 MP: 13/13
 24113 | Spider:1 | Reached skill level 17 in Maces & Flails
 24980 | Spider:1 | Reached skill level 1 in Throwing
 25285 | Spider:1 | Received a gift from Trog
 25713 | Spider:1 | Noticed a broodmother
 25722 | Spider:1 | Killed a broodmother
 27181 | Spider:2 | Noticed Frances
 27192 | Spider:2 | Killed Frances
 27546 | Spider:2 | Noticed Aizul
 27572 | Spider:2 | Killed Aizul
 27697 | Spider:2 | Noticed an emperor scorpion
 28307 | Lair:4   | Found a staircase to the Slime Pits.
 28307 | Lair:4   | Found a viscous altar of Jiyva.
 29952 | Lair:5   | Entered Level 5 of the Lair of Beasts
 30806 | Lair:5   | Reached XP level 15. HP: 111/139 MP: 14/14
 31835 | Lair:5   | Reached skill level 15 in Shields
 32121 | Lair:5   | Identified the amulet of Zedahol {RegenMP Will- Slay+4}
 32346 | Lair:5   | Found a transporter.
 32349 | Lair:5   | Noticed soonk12's ghost (journeyman MiBe)
 32363 | Lair:5   | Found a transporter.
 34092 | D:14     | Reached skill level 15 in Fighting
 34093 | D:14     | Received a gift from Trog
 34424 | D:14     | Noticed a sphinx
 34431 | D:14     | Killed a sphinx
 34587 | D:14     | Identified the +3 scale mail "Yveoffuf" {rElec Regen+ MP+9}
 34668 | D:14     | Reached skill level 15 in Armour
 35183 | D:14     | Found a gate to the Vaults.
 35210 | D:14     | Noticed a sphinx
 35219 | D:14     | Killed a sphinx
 35490 | D:14     | Identified the +2 chain mail of Zifecsec {rElec}
 35655 | D:14     | Noticed a tengu reaver
 35671 | D:14     | Killed a tengu reaver
 36822 | D:15     | Entered Level 15 of the Dungeon
 37307 | D:15     | Gained mutation: You are resistant to electric shocks.
                  | (rElec) [potion of mutation]
 37307 | D:15     | Gained mutation: You are dopey. (Int -2) [potion of
                  | mutation]
 37307 | D:15     | Gained mutation: You are robust. (+10% HP) [potion of
                  | mutation]
 37361 | D:15     | Reached skill level 18 in Maces & Flails
 37555 | D:15     | Reached XP level 16. HP: 166/166 MP: 15/15
 37557 | D:15     | Received a gift from Trog
 37589 | D:15     | Acquired a manual of Shields
 38015 | D:15     | Found a blossoming altar of Fedhas.
 38226 | D:15     | Found a staircase to the Depths.
 38947 | Lair:5   | Killed soonk12's ghost
 38958 | Lair:5   | Mangled by a wolf spider

Illustrated notes

Levels and vault maps discovered:
D:1:      psy_arrival_radial02, layout_loops_corners, serial_shops,
          nicolae_square_shop, shop, nicolae_diamond_shop
D:2:      layout_rooms, shapermc_ecumenical_altar_mp_vishouse
D:3:      layout_loops_corners
D:4:      layout_basic, kennysheep_boxes, uniq_edmund
D:5:      layout_basic, elyvilon_altar_5, nicolae_wooded_promenade, uniq_duvessa
D:6:      layout_cave_pods, vehumet_statue
D:7:      layout_basic, minmay_temple_entry_large_hall, uniq_pikel, uniq_maggie
D:8:      layout_basic, doesnt_xom_only_xom
D:9:      layout_roguey, grunt_temple_overflow_diamond, nicolae_sextant
D:10:     layout_rooms, dpeg_oklobed_lair, minmay_librarian
D:11:     layout_basic, david_orc_4, item_on_display_a, uniq_erolcha,
          uniq_psyche, uniq_lodul, uniq_harold
D:12:     layout_stronghold, enter_trove_2, minmay_crystal_box
D:13:     layout_roguey [special_room_bee]
D:14:     evilmike_diamond_1, layout_loops_cross,
          skrybe_vaults_entry_preservation, serial_shops,
          nicolae_shop_temple_entry_statues_fountains,
          chequers_hall_statues_corner_a, minmay_three_doors
D:15:     grunt_enter_depths_magical_seal, layout_loops_corners,
          minmay_misc_feat_tower, fedhas_altar_1
Lair:1:   layout_long_grid
Lair:2:   layout_hall_layers, spider_nest_entry_web_field
Lair:3:   layout_regular_city, minmay_shoals_entry_centaurs, uniq_amaemon,
          uniq_josephine
Lair:4:   dragon1_lemuel, layout_small_grid, minmay_slime_entry_jelly_boxes,
          st_stairs_7
Lair:5:   grunt_lair_end_beastmaster, layout_layer_cave,
          gammafunk_ghost_berserking_beasts, grunt_forest_stairs_basic,
          lemuel_fruit_fields
Spider:1: nicolae_spider_hilbert_zone_3 [nicolae_spider_hilbert_4_sides_2_open,
          nicolae_spider_hilbert_3_sides_1_open,
          nicolae_spider_hilbert_3_sides_1_open,
          nicolae_spider_hilbert_3_sides_1_open,
          nicolae_spider_hilbert_3_sides_1_open,
          nicolae_spider_hilbert_4_sides_1_open,
          nicolae_spider_hilbert_4_sides_1_open,
          nicolae_spider_hilbert_4_sides_1_open,
          nicolae_spider_hilbert_4_sides_1_open,
          nicolae_spider_hilbert_4_sides_1_open,
          nicolae_spider_hilbert_4_sides_1_open,
          nicolae_spider_hilbert_4_sides_1_open,
          nicolae_spider_hilbert_4_sides_1_open,
          nicolae_spider_hilbert_3_sides_1_open,
          nicolae_spider_hilbert_3_sides_1_open,
          nicolae_spider_hilbert_3_sides_1_open,
          nicolae_spider_hilbert_3_sides_1_open], uniq_roxanne
Spider:2: layout_chambers, uniq_aizul, uniq_frances

Skill      XL: |  1  2  3  4  5  6  7  8  9 10 11 12 13 14 15 16 |
---------------+-------------------------------------------------+-----
Maces & Flails | 4 5 7 8 11 13 14 15 16 17 18 | 18.1
Fighting       | 4 5 6 7 9 10 11 13 14 16 | 16.5
Dodging        | 3 4 5 6 7 8 9 |  9.9
Armour         | 3 4 5 7 8 10 12 13 14 15 | 15.8
Stealth        | 1 2 3 4 |  4.0
Shields        | 2 5 9 12 14 16 17 | 17.4
Throwing       | 1 |  1.5
Evocations     | |  0.2

Action                   |  1- 3 |  4- 6 |  7- 9 | 10-12 | 13-15 | 16-18 || total
-------------------------+-------+-------+-------+-------+-------+-------++-------
Melee: Mace              |    95 |    76 |       |       |       |       ||   171
       Headbutt          |    14 |    14 |    28 |   116 |   265 |    34 ||   471
       Punch             |     2 |     1 |     2 |       |       |       ||     5
       Flail             |       |    32 |   168 |   558 |   508 |    15 ||  1281
       Morningstar       |       |       |       |       |   524 |       ||   524
       Eveningstar       |       |       |       |       |       |    82 ||    82
Throw: Dart              |       |       |       |     1 |    18 |       ||    19
       Boomerang         |       |       |       |       |     1 |       ||     1
Invok: Berserk           |       |     2 |     4 |    12 |    22 |     1 ||    41
       Trog's Hand       |       |       |       |       |     1 |       ||     1
       Brothers in Arms  |       |       |       |       |     1 |       ||     1
Evoke: Phial of floods   |       |       |       |       |     1 |       ||     1
       Condenser vane    |       |       |       |       |     1 |       ||     1
       Wand              |       |       |       |       |     1 |       ||     1
  Use: Scroll            |       |     2 |       |    20 |    10 |     2 ||    34
       Potion            |       |       |       |       |     2 |       ||     2
 Stab: Sleeping          |       |     2 |       |       |     7 |       ||     9
       Distracted        |       |       |       |       |     1 |       ||     1
Armor: Animal skin       |    12 |    10 |       |       |       |       ||    22
       Ring mail         |       |     6 |       |       |       |       ||     6
       Scale mail        |       |    10 |    82 |   203 |   352 |    30 ||   677
Dodge: Dodged            |    71 |    60 |    79 |   154 |   389 |    61 ||   814
Block: Kite shield       |       |       |     6 |   333 |   898 |   118 ||  1355
       Reflection        |       |       |       |     9 |    22 |     1 ||    32
